AoeStats
← 京城猛1简隋英

Nomad

506323705Analyzed
3v3 RM · 19d ago on Sep 13, 2026· 34m 36s· 6 players
Game mode
Random Map
Map size
210×210
Population
200
Speed
Normal
Resources
Standard
Victory
Conquest
Starting age
Dark Age
Ending age
Imperial Age
RankedLock teamsTeams togetherTeam positionsShared explorationLock speedFull tech treeHidden civsTurbo modeCheats
Victory
Defeat
🇦🇷 Persians · Argentina
1034
+14
🇦🇷 Spanish · Argentina
1023
+14
🇦🇷 Goths · Argentina
919
+20
🇨🇳 Wu · China
994
-16
🇨🇳 Goths · China
982
-35
🇨🇳 Vietnamese · China
982
-16
10m的插线板
14:05 Feudal Age
12:33 Loom
18:31 Castle Age
19:00 Horse Collar
19:07 Double-Bit Axe
20:25 Medium Warships
20:27 Squires
20:32 Scale Mail Armor
21:43 Arson
24:52 Pikeman
28:41 Heavy Plow
28:53 Bow Saw
31:24 Gold Mining
31:26 Stone Mining
36:17 Imperial Age
京城猛1简隋英
6:42 Loom
17:13 Feudal Age
18:38 Fishing Lines
22:52 Castle Age
21:28 Double-Bit Axe
21:49 Horse Collar
24:30 Bow Saw
27:37 Heavy Plow
27:44 Scale Mail Armor
27:56 Forging
27:46 Gillnets
32:56 Anarchy
好久不见丶
17:02 Feudal Age
22:36 Castle Age
28:56 Wheelbarrow
Chupete
14:57 Feudal Age
14:56 Loom
16:19 Town Watch
17:50 Double-Bit Axe
20:00 Wheelbarrow
24:38 Castle Age
22:25 Man-at-Arms
24:23 Forging
27:31 Hand Cart
31:21 Horse Collar
32:04 Squires
34:54 Heavy Plow
mgabriels
13:07 Feudal Age
13:21 Loom
13:58 Double-Bit Axe
19:08 Castle Age
21:02 Husbandry
25:11 Scale Barding Armor
29:47 Forging
29:27 Town Watch
32:00 Bloodlines
dieguinbo
4:14 Loom
14:58 Feudal Age
21:07 Castle Age
19:12 Horse Collar
19:29 Gold Mining
20:42 Double-Bit Axe
20:57 Horse Collar
22:59 Stone Mining
23:10 Heavy Plow
24:13 Town Watch
25:09 Wheelbarrow
25:06 Husbandry
25:16 Bloodlines
30:48 Bow Saw
34:00 Hand Cart
Connection lost

Rejoining the realm…

Still unreachable

The connection could not be restored.

Session expired

The server has moved on; the page needs a fresh start.